 Dungeon Crawl Stone Soup version 0.31-a0-960-g0fca184906 (webtiles) character file.

Game seed: 18290399317814669589

25 Zonian the Conjurer (level 2, 0/15 HPs)
             Began as a Deep Elf Conjurer on Oct 23, 2023.
             Slain by a gnoll
             ... wielding a +0 whip
              (8 damage)
             ... on level 2 of the Dungeon.
             The game lasted 00:01:43 (1284 turns).

Zonian the Conjurer (Deep Elf Conjurer)             Turns: 1284, Time: 00:01:43

Health: 0/15       AC:  3    Str:  4    XL:     2   Next: 82%
Magic:  2/8        EV: 12    Int: 22    God:
Gold:   110        SH:  0    Dex: 13    Spells: 6/7 levels left

rFire   . . .        h - +0 short sword
rCold   . . .        (no shield)
rNeg    . . .        a - +0 robe
rPois   .            k - +0 helmet
rElec   .            (no cloak)
rCorr   .            (no gloves)
SInv    .            (no boots)
Will    .....        (no amulet)
Stlth   ++           (no ring)
HPRegen 0.22/turn    (no ring)
MPRegen 0.11/turn

%: no passive effects
@: no status effects
A: no striking features
a: no special abilities


You were on level 2 of the Dungeon.
You visited 1 branch of the dungeon, and saw 2 of its levels.

You collected 110 gold pieces.

Inventory:

Hand Weapons
 h - a +0 short sword (weapon)
 j - a +0 falchion
Armour
 a - a +0 robe (worn)
 k - a +0 helmet (worn)
Scrolls
 d - 2 scrolls of identify {unknown}
 e - a scroll of noise {unknown}
 l - a scroll of vulnerability {unknown}
 o - a scroll of fear {unknown}
Potions
 b - 2 potions of magic
 c - a potion of enlightenment {unknown}
 f - 2 potions of invisibility {unknown}
 g - a potion of degeneration {unknown}
 i - 2 potions of curing {unknown}
 m - a potion of mutation {unknown}
 n - a potion of attraction {unknown}


   Skills:
 + Level 3.0 Dodging
 + Level 3.0 Stealth
 + Level 3.4 Spellcasting
 + Level 4.6 Conjurations


You had 6 spell levels left.
You knew the following spells:

 Your Spells              Type           Power      Damage    Failure   Level
a - Magic Dart            Conj           96%        1d7       1%          1

Your spell library contained the following spells:

 Spells                   Type           Power      Damage    Failure   Level
 Searing Ray              Conj           48%        2d6       2%          2
 Freeze                   Ice            12%        1d3       12%         1
 Slow                     Hex            12%        N/A       12%         1
 Dazzling Flash           Conj/Hex       28%        N/A       14%         3
 Hailstorm                Conj/Ice       14%        3d5       14%         3
 Confusing Touch          Hex            3%         N/A       34%         3
 Frozen Ramparts          Ice            6%         1d1       34%         3
 Sigil of Binding         Hex            3%         N/A       34%         3
 Vampiric Draining        Necr           3%         2d6       34%         3
 Fulminant Prism          Conj/Hex       7%         3d7       41%         4
 Iskenderun's Mystic Bla  Conj/Tloc      14%        2d5       41%         4


Dungeon Overview and Level Annotations

Branches:
Dungeon (2/15)

Altars:


Message History

You kill the endoplasm!
Your Dodging skill increases to level 3!
You can't see any susceptible monsters within range! (Use Z to cast anyway.)
You can't see any susceptible monsters within range! (Use Z to cast anyway.) Unknown command.
You pick up a book of Frost and begin reading...
You add the spells Freeze, Frozen Ramparts and Hailstorm to your library.
Found a stone staircase leading down.
Unknown command.
m - a bubbling amethyst potion
n - a black potion Unknown command.
Found a dagger.
o - a scroll labelled BYCHO TOVUILA Unknown command. 2 gnolls come into view.
The gnoll shouts!
You hear a shout!
There are monsters nearby!
Unknown command.
Found 2 stones.
A gnoll comes into view. It is wielding a +0 whip.
A gnoll comes into view. It is wielding a +0 flail.
There is a stone staircase leading up here.
The magic dart hits the gnoll.
The gnoll is lightly wounded.
The magic dart hits the gnoll but does no damage.
The gnoll is lightly wounded.
The magic dart hits the gnoll.
The gnoll is heavily wounded.
The magic dart hits the gnoll but does no damage.
The gnoll is heavily wounded.
The gnoll hits you with a +0 whip.
The magic dart hits the gnoll but does no damage.
The gnoll is heavily wounded.
The gnoll hits you with a +0 whip.
The magic dart hits the gnoll.
The gnoll is severely wounded.
The gnoll hits you with a +0 whip!
Ouch! That really hurt!
You die...

### ### #@# ..# #g# #####.#
#.# #...#.# #.# #.#.#.# #.#
+#.#.#.# ######.##########
...#...####.g....#........#
.................#........#
....#............#........#


You could see a gnoll.

Vanquished Creatures
  2 endoplasms
  2 goblins
  2 hobgoblins
  4 kobolds
  3 quokkas
  3 ball pythons
  4 bats (D:1)
  A rat (D:1)
21 creatures vanquished.

Notes
Turn   | Place    | Note
-------+----------+-------------------------------------------
     0 | D:1      | Zonian the Deep Elf Conjurer began the quest for the Orb.
     0 | D:1      | Reached XP level 1. HP: 10/10 MP: 6/6
   236 | D:1      | Reached XP level 2. HP: 15/15 MP: 0/8
  1284 | D:2      | Slain by a gnoll

Illustrated notes

Levels and vault maps discovered:
D:1:      minmay_arrival_five_plusses, layout_loops_ring
D:2:      layout_basic, basic_altar

Skill      XL: |  1  2 |
---------------+-------+-----
Stealth        | 3 |  3.0
Dodging        | 3 |  3.0
Spellcasting   | |  3.4
Conjurations   | |  4.6

Action                     || total
---------------------------++-------
  Melee: Unarmed           ||     2
   Cast: Magic Dart        ||    45
 Armour: Robe              ||     6
  Dodge: Dodged            ||     5

Table legend: (Time is in decaauts)
 A = Elapsed time spent in this place.
 B = Non-inter-level travel time spent in this place.
 C = Inter-level travel time spent in this place.
 D = Time resting spent in this place.
 E = Time spent auto-exploring this place.
 F = Levels seen in this place.
 G = Mean time per level.
                   A        B        C        D        E       F      G
               +--------+--------+--------+--------+--------+-----+--------+
         Total |   1283 |   1243 |     40 |     71 |    974 |   2 |  641.5 |
       Dungeon |   1283 |   1243 |     40 |     71 |    974 |   2 |  641.5 |
               +--------+--------+--------+--------+--------+-----+--------+

Top non-repeatable levels by time:
     D:1: 857 daAuts
     D:2: 425 daAuts
